 Dungeon Crawl Stone Soup version 0.18.1-50-g88ac8fd (webtiles) character file.

85677 magog001 the Peltast (level 15, -2/151 HPs)
             Began as a Minotaur Fighter on Apr 6, 2017.
             Killed by Shatter
             ... invoked by Jorgrun
              (79 damage)
             ... on level 3 of the Shoals.
             The game lasted 02:36:50 (18137 turns).

magog001 the Peltast (Minotaur Fighter)            Turns: 18137, Time: 02:36:51

Health: -2/151     AC: 40    Str: 26    XL:     15   Next: 38%
Magic:  26/26      EV:  2    Int: 10    God:
Gold:   1262       SH:  0    Dex: 10    Spells: 0 memorised, 14 levels left

rFire  . . .     SeeInvis .     K - +3 blowgun
rCold  . . .     Gourm    .     R - +8 plate armour {ponderous}
rNeg   + + +     Faith    .     S - +1 shield {reflect}
rPois  ∞         Spirit   .     i - +3 hat of Pondering {ponderous, MR+ MP+10 Int+5}
rElec  .         Dismiss  .     C - +2 cloak
rCorr  .         Reflect  +     I - +2 pair of gloves
SustAt .         Harm     .     t - +0 pair of boots
MR     ++...                    a - amulet of regeneration
Stlth  ..........               F - ring of poison resistance
                                B - +3 ring of evasion

@: petrified, slow, very resistant to hostile enchantments, extremely unstealthy
A: retaliatory headbutt, horns 2, rough black scales 1, rugged brown scales 1,
robust 1
a: no special abilities


You were on level 3 of the Shoals.
You were not hungry.

You visited 4 branches of the dungeon, and saw 21 of its levels.
You also visited: Labyrinth, Ice Cave and Volcano.

You collected 1262 gold pieces.

Inventory:

Hand Weapons
 G - the +7 demon blade "Daul" {drain, Str+4}
   (You found it in an ice cave)

   A truly terrible weapon, it drains the life of those it strikes.
   It affects your strength (+4).
 K - a +3 blowgun (weapon)
Missiles
 b - 4 needles of sleeping
 D - 18 tomahawks
 L - 25 poisoned needles (quivered)
 U - 8 curare-tipped needles
Armour
 e - a +0 large shield
 i - the +3 hat of Pondering (worn) {ponderous, MR+ MP+10 Int+5}
   (You took it off Gastronok on level 1 of the Lair of Beasts)

   It affects your intelligence (+5).
   It affects your resistance to hostile enchantments.
   It affects your magic capacity (+10).
 t - a +0 pair of boots (worn)
 C - a +2 cloak (worn)
 I - a +2 pair of gloves (worn)
 R - a +8 plate armour of ponderousness (worn)
 S - a +1 shield of reflection (worn)
Jewellery
 a - an amulet of regeneration (around neck)
 s - the ring "Ywnu" {+Fly rElec rF+ Str-3 Dex+3}
   (You found it in an ice cave)

   [ring of protection from fire]

   It affects your strength (-3).
   It affects your dexterity (+3).
   It protects you from fire.
   It insulates you from electricity.
   It lets you fly.
 B - a +3 ring of evasion (left hand)
 F - a ring of poison resistance (right hand)
 X - an uncursed ring of positive energy
Wands
 p - a wand of confusion (15/48)
 u - a wand of teleportation (2/9)
 w - a wand of disintegration (21/24)
 x - a wand of iceblast (3/15)
 E - a wand of lightning (10/15)
 J - a wand of digging (14/24)
 N - a wand of polymorph (9/24)
 O - a wand of random effects (24/48)
 P - a wand of iceblast (7/15)
 Q - a wand of acid (6/15)
 V - a wand of flame (23/48)
Scrolls
 g - 2 scrolls of magic mapping
 k - 7 scrolls of fear
 n - 9 scrolls of identify
 y - 7 scrolls of teleportation
 A - 2 scrolls of summoning
 H - 7 scrolls of remove curse
 W - a scroll of fog
Potions
 c - a potion of heal wounds
 d - 2 potions of might
 h - 3 potions of brilliance
 l - 2 potions of agility
 m - 9 potions of haste
 o - 6 potions of invisibility
 q - 2 potions of curing
 M - 2 potions of resistance
 T - a potion of flight
Miscellaneous
 Y - an ornate deck of wonders {drawn: 1}
 Z - a box of beasts
Comestibles
 f - 8 bread rations
 j - 6 slices of pizza
 r - 44 fruits
 v - 7 chunks of flesh
 z - 3 meat rations


   Skills:
 * Level 12.6 Fighting
 + Level 12.8 Long Blades
   Level 3.5(6.2) Axes
   Level 8.0(8.4) Polearms
 + Level 0.6 Throwing
 * Level 13.1 Armour
 * Level 9.7 Dodging
 + Level 2.5 Stealth
 + Level 19.1 Shields
 + Level 3.0 Evocations


You had 14 spell levels left.
You didn't know any spells.

Dungeon Overview and Level Annotations

Branches:
Dungeon (9/15)             Temple (0/1) D:6            Lair (8/8) D:8
 Shoals (3/4) Lair:5        Snake (1/4) Lair:3        Slime (0/6) Lair:7
    Orc: D:9-12

Altars:
Dithmenos
Trog
Vehumet
The Shining One
Jiyva

Annotations:
Shoals:3 Jorgrun
Snake:1 exclusion: Roxanne, Roxanne


Innate Abilities, Weirdness & Mutations

You reflexively headbutt those who attack you in melee.
You have a pair of horns on your head.
You are partially covered in rough black scales (AC +4, Dex -1).
You are partially covered in rugged brown scales (AC +1, +3% HP).
You are robust (+10% HP).


Message History

Firing (i - inventory. (,) - cycle):
L - 26 poisoned needles (quivered)
Press: ? - help, Shift-Dir - straight line, f/p - Jorgrun
Aim: Jorgrun, wielding a quarterstaff of crushing and wearing a runed robe (lightly wounded, poisoned)
You shoot a poisoned needle. The poisoned needle hits Jorgrun.
Jorgrun looks even sicker.
Jorgrun is lightly wounded.
You hear a splash.
You have turned to stone.
Some rock shatters into small pieces.
A merfolk comes into view. It is wielding a trident.
The merfolk shouts!
Jorgrun mumbles some strange words.
The dungeon rumbles around Jorgrun!
You shudder from the earth-shattering force.
You hear a shout! x3; You hear a screech!
You hear a shout! x2
Jorgrun gestures wildly while chanting.
The dungeon rumbles around Jorgrun!
You shudder from the earth-shattering force.
Ouch! That really hurt!
You die...

..≈≈≈≈≈≈≈
..≈≈≈≈≈≈≈
..≈≈≈≈≈≈≈
#.≈≈≈≈≈≈≈
#.≈≈≈≈≈≈≈
#.≈≈≈≈≈≈≈ .
##<≈≈≈≈≈≈≈
.≈..####..≈≈≈≈≈≈≈
.≈≈≈m.g@.≈≈≈≈≈≈≈≈
.≈≈((≈≈≈≈≈≈≈≈≈≈≈≈
(.≈≈≈≈≈≈≈≈≈≈≈≈≈≈≈
(.≈≈≈≈≈≈≈≈≈≈≈≈≈≈≈
#..≈≈≈≈≈≈≈≈≈≈≈≈≈≈
#.≈≈≈≈≈≈≈≈≈≈≈≈≈≈≈
..≈≈≈≈≈≈≈≈≈≈≈≈≈≈
.≈≈≈≈≈≈≈≈≈≈≈≈≈≈


You could see Jorgrun and a merfolk.

Vanquished Creatures
  Gastronok (Lair:1)
  Polyphemus (Shoals:2)
  Kirke (Shoals:1)
  Donald (Shoals:1)
  Louise (Shoals:2)
  Snorg (Lair:4)
  A minotaur (Lab)
  A merfolk impaler (Shoals:1)
  6 hydras
  A merfolk avatar (Shoals:1)
  3 catoblepae
  Erica (Lair:2)
  2 alligator snapping turtles
  A queen ant (Lair:8)
  A deep troll shaman (Lair:8)
  A satyr (Shoals:2)
  21 death yaks
  3 sea snakes
  18 harpies
  5 griffons
  5 fauns (Shoals:2)
  A manticore (Shoals:2)
  2 sirens (Shoals:2)
  5 black mambas
  9 elephants
  11 spiny frogs
  2 ice statues (IceCv)
  2 torpor snails (Lair:5)
  6 komodo dragons
  4 rime drakes
  10 ice devils (IceCv)
  A queen bee (Lair:2)
  2 polar bears
  6 merfolk
  A two-headed ogre (Volcano)
  3 boulder beetles
  4 snapping turtles
  14 blink frogs
  3 water elementals
  3 hogs
  19 yaks
  6 basilisks
  A fire bat (Volcano)
  2 steam dragons
  4 hippogriffs
  A hungry ghost (D:8)
  Grum (Lair:1)
  A mottled dragon (Lair:5)
  Edmund (D:6)
  3 nagas (Lair:3)
  5 soldier ants (Lair:8)
  A hell hound (Volcano)
  18 porcupines
  18 water moccasins
  A swamp drake (Lair:5)
  4 black bears
  An ice beast (D:5)
  2 necrophages (D:8)
  3 phantoms
  A sky beast (D:8)
  3 orc warriors (D:8)
  An ogre (D:6)
  A centaur (Volcano)
  19 wolves
  13 crocodiles
  14 giant frogs
  2 big kobolds
  A scorpion (Lair:5)
  A water moccasin skeleton (D:7)
  3 wights (D:8)
  15 killer bees
  6 howler monkeys
  2 electric eels
  2 crimson imps
  A quasit (D:6)
  3 hounds
  4 orc priests
  5 orc wizards
  5 iguanas
  Ijyb (D:3)
  12 worker ants
  A killer bee zombie (D:6)
  12 sheep
  A hound skeleton (D:8)
  Robin (D:2)
  9 adders
  4 gnolls (D:6)
  59 river rats
  5 white imps (IceCv)
  7 ufetubi (IceCv)
  An adder skeleton (D:6)
  An adder zombie (D:8)
  A worm (D:6)
  2 dart slugs
  3 giant geckos
  17 orcs
  2 ball pythons (D:4)
  6 bats
  9 giant cockroaches
  8 goblins
  10 hobgoblins
  8 kobolds
  4 quokkas
  A giant gecko skeleton (D:4)
  5 giant newts
  9 rats
  A bush (Lair:8)
  5 fungi (Lair:7)
  14 plants
578 creatures vanquished.

Vanquished Creatures (collateral kills)
  A water moccasin (Lair:7)
  A porcupine (Lair:7)
2 creatures vanquished.

Vanquished Creatures (others)
  A deep elf mage (Volcano)
  A cyclops (Shoals:2)
  2 two-headed ogres (Volcano)
  A centaur (D:6)
  2 white imps (IceCv)
  3 ufetubi (IceCv)
  A kobold (D:7)
  19 fungi
  13 plants
43 creatures vanquished.

Grand Total: 623 creatures vanquished

Notes
Turn   | Place    | Note
--------------------------------------------------------------
     0 | D:1      | magog001 the Minotaur Fighter began the quest for the Orb.
     0 | D:1      | Reached XP level 1. HP: 19/19 MP: 0/0
   117 | D:1      | Reached XP level 2. HP: 27/27 MP: 1/1
   545 | D:1      | Reached XP level 3. HP: 29/33 MP: 2/2
   782 | D:2      | Found a faded altar to an unknown god.
   817 | D:2      | Reached skill level 4 in Shields
   839 | D:2      | Found a radiant altar of Vehumet.
  1093 | D:2      | Noticed Robin
  1108 | D:2      | Killed Robin
  1108 | D:2      | Reached XP level 4. HP: 39/41 MP: 3/3
  1523 | D:3      | Noticed Ijyb
  1525 | D:3      | Reached skill level 1 in Dodging
  1531 | D:3      | Killed Ijyb
  1888 | D:3      | Reached skill level 5 in Armour
  1888 | D:3      | Reached XP level 5. HP: 44/47 MP: 4/4
  2309 | D:4      | Reached skill level 1 in Stealth
  2438 | D:4      | Reached XP level 6. HP: 52/53 MP: 5/5
  2610 | D:4      | Reached skill level 1 in Polearms
  2610 | D:4      | Reached skill level 5 in Shields
  2788 | D:5      | Entered Level 5 of the Dungeon
  2954 | D:5      | Found a shadowy altar of Dithmenos.
  3106 | D:5      | Noticed an ice beast
  3128 | D:5      | Killed an ice beast
  3234 | D:6      | Found a glowing golden altar of the Shining One.
  3254 | D:6      | Reached XP level 7. HP: 60/60 MP: 6/6
  3393 | D:6      | Reached skill level 6 in Shields
  3418 | D:6      | Noticed Edmund
  3440 | D:6      | Killed Edmund
  3465 | D:6      | Reached skill level 5 in Fighting
  3551 | D:6      | Found a staircase to the Ecumenical Temple.
  3695 | D:6      | Reached XP level 8. HP: 68/68 MP: 7/7
  3732 | D:6      | Reached skill level 7 in Shields
  3974 | D:7      | Reached skill level 5 in Dodging
  3984 | D:7      | Reached skill level 8 in Shields
  4268 | D:7      | Found a bloodstained altar of Trog.
  4899 | D:8      | Found a staircase to the Lair.
  4899 | D:8      | Noticed an elephant
  4912 | D:7      | Reached skill level 9 in Shields
  4984 | D:7      | Killed an elephant
  4984 | D:7      | Reached XP level 9. HP: 22/75 MP: 8/8
  5386 | D:8      | Gained mutation: You are partially covered in rough black scales (AC +4, Dex -1). [mutagenic meat]
  5387 | D:8      | Gained mutation: You are dopey. (Int -2) [mutagenic meat]
  5388 | D:8      | Gained mutation: Potions and wands are less effective at restoring your health. [mutagenic meat]
  5389 | D:8      | Gained mutation: Your spells are a little harder to cast, but a little more powerful. [mutagenic meat]
  5390 | D:8      | Gained mutation: Your spells are harder to cast, but more powerful. [mutagenic meat]
  5490 | D:8      | Reached skill level 10 in Shields
  6188 | D:8      | Reached skill level 5 in Polearms
  6188 | D:8      | Reached skill level 11 in Shields
  6401 | Lair:1   | Entered Level 1 of the Lair of Beasts
  6465 | Lair:1   | Reached XP level 10. HP: 71/83 MP: 9/9
  6757 | Lair:1   | Reached skill level 12 in Shields
  6948 | Lair:1   | Noticed Gastronok
  6951 | Lair:1   | Noticed a spiny frog
  6966 | Lair:1   | Killed a spiny frog
  6994 | Lair:1   | Killed Gastronok
  6994 | Lair:1   | Reached skill level 13 in Shields
  6994 | Lair:1   | Reached skill level 1 in Evocations
  7158 | Lair:1   | Noticed a spiny frog
  7164 | Lair:1   | Killed a spiny frog
  7164 | Lair:1   | Reached XP level 11. HP: 77/91 MP: 11/11
  7693 | Lair:1   | Noticed Grum
  7707 | Lair:1   | Killed Grum
  7879 | Lair:1   | Reached skill level 14 in Shields
  7904 | Lair:2   | Found a frozen archway.
  7951 | IceCv    | Entered an ice cave
  9143 | IceCv    | Reached skill level 10 in Armour
  9197 | IceCv    | Got a steaming wooden ring
  9203 | IceCv    | Got a steaming demon blade
  9249 | IceCv    | Identified the ring "Ywnu" {+Fly rElec rF+ Str-3 Dex+3} (You found it in an ice cave)
  9273 | IceCv    | Identified the +7 demon blade "Daul" {drain, Str+4} (You found it in an ice cave)
  9338 | Lair:2   | Noticed Erica
  9361 | Lair:2   | Killed Erica
  9361 | Lair:2   | Reached skill level 15 in Shields
  9698 | Lair:2   | Reached skill level 1 in Long Blades
 10008 | Lair:2   | Reached XP level 12. HP: 90/100 MP: 13/13
 10605 | Lair:3   | Found a staircase to the Snake Pit.
 10764 | Lair:3   | Found a dark tunnel.
 10777 | Volcano  | Entered a volcano
 11621 | Snake:1  | Entered Level 1 of the Snake Pit
 11621 | Snake:1  | Noticed Roxanne
 11688 | Lair:4   | Noticed a four-headed hydra
 11697 | Lair:4   | Killed an 11-headed hydra
 11697 | Lair:4   | Reached skill level 16 in Shields
 11845 | Lair:4   | Noticed Snorg
 11858 | Lair:4   | Killed Snorg
 11919 | Lair:4   | Got an iridescent dagger
 11920 | Lair:4   | Identified the +5 dagger "Kiups" {antimagic, rElec} (You found it on level 4 of the Lair of Beasts)
 12188 | Lair:4   | Reached skill level 5 in Long Blades
 12404 | Lair:5   | Noticed a death yak
 12405 | Lair:5   | Lost mutation: Potions and wands are less effective at restoring your health. [helix card]
 12414 | Lair:5   | Killed a death yak
 12469 | Lair:5   | Noticed a death yak
 12469 | Lair:5   | Noticed a death yak
 12470 | Lair:5   | Noticed a death yak
 12471 | Lair:5   | Noticed a death yak
 12486 | Lair:5   | Noticed a death yak
 12490 | Lair:5   | Noticed a death yak
 12502 | Lair:5   | Killed a death yak
 12505 | Lair:5   | Killed a death yak
 12517 | Lair:5   | Killed a death yak
 12525 | Lair:5   | Killed a death yak
 12529 | Lair:5   | Killed a death yak
 12534 | Lair:5   | Killed a death yak
 12571 | Lair:5   | Noticed a death yak
 12581 | Lair:5   | Reached XP level 13. HP: 107/108 MP: 14/14
 12903 | Lair:5   | You fall through a shaft!
 12915 | Lair:6   | Reached skill level 17 in Shields
 13196 | Lair:5   | Found a staircase to the Shoals.
 14027 | Lair:7   | Found a viscous altar of Jiyva.
 14027 | Lair:7   | Found a staircase to the Slime Pits.
 14642 | Lair:8   | Entered Level 8 of the Lair of Beasts
 14668 | Lair:8   | Reached skill level 10 in Long Blades
 14712 | Lair:8   | Found a labyrinth entrance.
 14720 | Lair:8   | Reached skill level 18 in Shields
 14783 | Lab      | Entered a labyrinth
 15155 | Lab      | Noticed a minotaur
 15170 | Lab      | Killed a minotaur
 15261 | Lab      | Gained mutation: You are robust (+10% HP). [potion of mutation]
 15261 | Lab      | Gained mutation: You are partially covered in rugged brown scales (AC +1, +3% HP). [potion of mutation]
 15361 | Lair:8   | Reached skill level 10 in Fighting
 15409 | Lair:8   | Reached XP level 14. HP: 136/136 MP: 15/15
 15517 | Lair:8   | Got an encrusted battleaxe
 15567 | Lair:8   | Identified the +4 battleaxe of the Warrior-Mage {vamp, Int+4} (You found it on level 8 of the Lair of Beasts)
 16477 | Shoals:1 | Entered Level 1 of the Shoals
 16624 | Shoals:1 | Noticed Donald
 16649 | Shoals:1 | Killed Donald
 16809 | Shoals:1 | Noticed Kirke
 16814 | Shoals:1 | Noticed a sphinx
 16820 | Shoals:1 | Killed Kirke
 17103 | Shoals:2 | Noticed Polyphemus
 17421 | Shoals:2 | Lost mutation: Your spells are harder to cast, but more powerful. [potion of cure mutation]
 17421 | Shoals:2 | Lost mutation: Your spells are a little harder to cast, but a little more powerful. [potion of cure mutation]
 17421 | Shoals:2 | Lost mutation: You are dopey. (Int -2) [potion of cure mutation]
 17695 | Shoals:2 | Reached XP level 15. HP: 143/149 MP: 16/16
 17768 | Shoals:2 | Reached skill level 19 in Shields
 17777 | Shoals:2 | Killed Polyphemus
 17864 | Shoals:2 | Noticed Louise
 17878 | Shoals:2 | Killed Louise
 18127 | Shoals:3 | Noticed Jorgrun
 18137 | Shoals:3 | Killed from afar by Jorgrun

Skill      XL: |  1  2  3  4  5  6  7  8  9 10 11 12 13 14 15 |
---------------+----------------------------------------------+-----
Armour         | 4 5 6 7 8 9 10 11 12 13 | 13.1
Fighting       | 4 5 6 7 8 10 12 | 12.6
Shields        | 4 5 6 9 11 13 15 16 18 19 | 19.1
Dodging        | 1 2 3 4 5 6 7 9 |  9.7
Axes           | 3 |  3.5
Stealth        | 1 2 |  2.5
Polearms       | 1 2 3 5 6 8 |  8.0
Evocations     | 1 2 3 |  3.0
Long Blades    | 1 7 10 12 | 12.8
Throwing       | |  0.6

Action                   |  1- 3 |  4- 6 |  7- 9 | 10-12 | 13-15 || total
-------------------------+-------+-------+-------+-------+-------++-------
Melee: War axe           |   116 |     4 |       |       |       ||   120
       Headbutt          |    13 |    26 |    81 |   216 |   261 ||   597
       Spear             |       |   119 |   388 |   502 |       ||  1009
       Demon blade       |       |       |       |   426 |   969 ||  1395
 Fire: Blowgun           |       |       |       |       |     6 ||     6
Throw: Tomahawk          |       |       |     3 |       |     3 ||     6
Evoke: Wand              |       |       |       |    32 |     2 ||    34
       Deck              |       |       |       |     1 |       ||     1
  Use: Scroll            |       |     5 |    17 |     7 |    12 ||    41
       Potion            |       |       |     1 |     5 |     6 ||    12
  Eat: Chunk             |     1 |     7 |    13 |    12 |    13 ||    46
       Beef jerky        |       |       |     1 |       |       ||     1
       Meat ration       |       |       |     1 |     2 |     2 ||     5
       Royal jelly       |       |       |       |       |     2 ||     2
       Fruit             |       |       |       |       |     1 ||     1
Armor: Scale mail        |    49 |    39 |    80 |       |       ||   168
       Plate armour      |       |       |    33 |   313 |   434 ||   780
Dodge: Dodged            |    19 |    15 |    57 |   158 |   332 ||   581
Block: Large shield      |    86 |    79 |   383 |   946 |   597 ||  2091
       Shield            |     8 |       |       |       |   249 ||   257
       Reflection        |       |       |     5 |     6 |    19 ||    30
